General information
- name: BNet
- type: Ladder team game (AT/RT)
- host: Battle.net
- saver: KIDADIDAS
map: GolemsInTheMist
- players: 8
- length: 36:14
- speed: Fast
- version: 1.26 W3XP
- replay type: Public
» download(202 KB)
Players
team 1 (loser)

»
genova (
green | 54 APM | 1298 actions | 24:01)
5 Archmage
2 Summon Water Elemental
3 Brilliance Aura
2 Paladin
1 Holy Light
1 Devotion Aura
2 Mountain King
1 Bash
1 Thunder Clap
» actions
| Basic commands | 11 | |
| Build / train | 111 | |
| Enter build submenu | 36 | |
| Enter hero's abilities submenu | 9 | |
| Give item / drop item | 1 | |
| Right click | 687 | |
| Select / deselect | 359 | |
| Use ability | 84 | |
1298 total
» units
| Peasant | 31 | |
| Footman | 6 | |
| Knight | 20 | |
| Priest | 15 | |
| Goblin Sapper | 1 | |
73 total
» upgrades
| Masonry | 1 | |
| Lumber Harvesting | 2 | |
| Swords | 3 | |
| Plating | 3 | |
| Animal War Training | 1 | |
| Priest Training | 3 | |
13 total
» buildings
| Farm | 13 | |
| Altar of Kings | 1 | |
| Scout Tower | 9 | |
| Arcane Tower | 1 | |
| Lumber Mill | 1 | |
| Barracks | 2 | |
| Keep | 2 | |
| Blacksmith | 1 | |
| Guard Tower | 7 | |
| Arcane Vault | 2 | |
| Castle | 1 | |
| Town Hall | 2 | |
| Arcane Sanctum | 1 | |
| Workshop | 4 | |
47 total
» build order
01:22 Farm
01:30 Altar of Kings
01:32 Scout Tower
01:54 Arcane Tower
01:59 Lumber Mill
02:31 Barracks
02:35 Farm
03:02 Keep
03:03 Keep
03:30 Scout Tower
03:35 Scout Tower
03:41 Farm
03:52 Blacksmith
04:02 Guard Tower
04:14 Guard Tower
04:20 Farm
05:08 Farm
05:12 Arcane Vault
05:44 Castle
07:09 Town Hall
07:16 Scout Tower
07:18 Scout Tower
07:20 Scout Tower
07:25 Scout Tower
07:29 Scout Tower
07:32 Scout Tower
07:46 Guard Tower
07:48 Guard Tower
07:51 Guard Tower
07:56 Guard Tower
08:00 Guard Tower
09:00 Barracks
09:39 Farm
10:17 Arcane Sanctum
11:25 Arcane Vault
12:06 Farm
12:47 Farm
14:35 Farm
14:37 Farm
14:40 Farm
17:16 Town Hall
18:23 Farm
18:26 Farm
22:01 Workshop
22:04 Workshop
22:11 Workshop
22:15 Workshop
» items
| Scroll of Town Portal | 1 | |
| Scroll of Regeneration | 1 | |
2 total

»
Nitt (
orange | 41 APM | 1241 actions | 30:04)
4 Demon Hunter
2 Mana Burn
2 Evasion
» actions
| Assign group hotkey | 28 | |
| Basic commands | 159 | |
| Build / train | 69 | |
| ESC pressed | 2 | |
| Enter build submenu | 26 | |
| Enter hero's abilities submenu | 4 | |
| Give item / drop item | 1 | |
| Remove unit from queue | 1 | |
| Right click | 323 | |
| Select / deselect | 387 | |
| Select group hotkey | 179 | |
| Use ability | 62 | |
1241 total
» units
| Wisp | 35 | |
| Huntress | 5 | |
| Hippogryph | 10 | |
| Chimaera | 2 | |
52 total
» upgrades
| Corrosive Breath | 2 | |
| Strength of the Wild | 1 | |
| Reinforced Hides | 1 | |
| Ultravision | 1 | |
| Strength of the Moon | 1 | |
| Moon Armor | 1 | |
7 total
» buildings
| Altar of Elders | 1 | |
| Moon Well | 7 | |
| Hunter's Hall | 1 | |
| Ancient of War | 2 | |
| Tree of Life | 5 | |
| Tree of Ages | 1 | |
| Ancient of Wonders | 1 | |
| Tree of Eternity | 1 | |
| Ancient of Wind | 1 | |
| Chimaera Roost | 4 | |
| Ancient Protector | 4 | |
28 total
» build order
00:08 Altar of Elders
01:17 Moon Well
02:00 Hunter's Hall
02:34 Ancient of War
02:39 Ancient of War
02:58 Moon Well
03:39 Tree of Life
04:57 Moon Well
05:00 Moon Well
05:28 Tree of Life
06:40 Tree of Ages
09:11 Ancient of Wonders
09:34 Tree of Eternity
09:36 Ancient of Wind
12:01 Chimaera Roost
12:02 Chimaera Roost
12:02 Chimaera Roost
12:03 Chimaera Roost
12:09 Moon Well
12:13 Moon Well
13:06 Tree of Life
14:26 Tree of Life
15:37 Tree of Life
16:02 Moon Well
17:17 Ancient Protector
17:18 Ancient Protector
17:30 Ancient Protector
21:18 Ancient Protector
» items
| Orb of Venom | 1 | |
| Potion of Healing | 1 | |
2 total
FROG-SNATCHER (
teal | 48 APM | 1726 actions | 36:09)
7 Far Seer
3 Feral Spirit
3 Chain Lighting
1 Earth Quake
» actions
| Assign group hotkey | 22 | |
| Basic commands | 89 | |
| Build / train | 63 | |
| Enter build submenu | 21 | |
| Enter hero's abilities submenu | 7 | |
| Give item / drop item | 1 | |
| Remove unit from queue | 1 | |
| Right click | 633 | |
| Select / deselect | 260 | |
| Select group hotkey | 525 | |
| Use ability | 104 | |
1726 total
» units
| Peon | 12 | |
| Goblin Shredder | 3 | |
| Wind Rider | 5 | |
| Goblin Sapper | 6 | |
| Siege Engine | 1 | |
27 total
» upgrades
| Reinforced Defenses | 1 | |
| Ranged Weapons | 2 | |
| Armor | 2 | |
| Envenomed Spears | 1 | |
6 total
» buildings
| Altar of Storms | 1 | |
| Orc Burrow | 7 | |
| War Mill | 1 | |
| Voodoo Lounge | 1 | |
| Stronghold | 5 | |
| Watch Tower | 33 | |
| Fortress | 2 | |
| Beastiary | 4 | |
| Moon Well | 1 | |
55 total
» build order
00:07 Altar of Storms
00:22 Orc Burrow
00:40 War Mill
01:15 Voodoo Lounge
02:25 Stronghold
02:25 Stronghold
02:26 Stronghold
02:50 Orc Burrow
03:35 Watch Tower
03:36 Watch Tower
03:36 Watch Tower
05:29 Fortress
05:29 Fortress
06:03 Beastiary
06:08 Beastiary
08:47 Watch Tower
08:47 Watch Tower
08:49 Watch Tower
08:50 Watch Tower
09:00 Watch Tower
09:35 Beastiary
10:03 Beastiary
12:22 Watch Tower
12:23 Watch Tower
12:23 Watch Tower
12:25 Watch Tower
13:53 Orc Burrow
13:56 Orc Burrow
13:58 Orc Burrow
14:53 Watch Tower
14:53 Watch Tower
14:54 Watch Tower
14:54 Watch Tower
14:55 Watch Tower
16:19 Orc Burrow
23:14 Watch Tower
23:15 Watch Tower
23:15 Watch Tower
23:16 Watch Tower
23:16 Watch Tower
23:16 Watch Tower
25:30 Watch Tower
25:31 Watch Tower
25:31 Watch Tower
25:32 Watch Tower
26:15 Watch Tower
26:15 Watch Tower
26:16 Watch Tower
26:20 Watch Tower
26:20 Watch Tower
26:21 Watch Tower
30:46 Moon Well
30:52 Orc Burrow
» items
| Potion of Healing | 3 | |
| Healing Salve | 2 | |
| Tiny Great Hall | 2 | |
| Scroll of Town Portal | 3 | |
| Orb of Lightning | 1 | |
11 total

»
helpme2 (
pink | 32 APM | 773 actions | 24:32)
4 Keeper of the Grove
2 Force of Nature
1 Entangling Roots
1 Thorns Aura
» actions
| Basic commands | 1 | |
| Build / train | 67 | |
| Enter build submenu | 16 | |
| Enter hero's abilities submenu | 4 | |
| Right click | 357 | |
| Select / deselect | 266 | |
| Use ability | 62 | |
773 total
» units
| Wisp | 21 | |
| Archer | 7 | |
| Dryad | 18 | |
| Druid of the Claw | 1 | |
47 total
» upgrades
| Abolish Magic | 1 | |
| Druid of the Claw Training | 2 | |
| Mark of the Claw | 2 | |
5 total
» buildings
| Moon Well | 8 | |
| Altar of Elders | 1 | |
| Ancient of War | 1 | |
| Tree of Ages | 1 | |
| Tree of Life | 2 | |
| Hunter's Hall | 1 | |
| Tree of Eternity | 1 | |
| Ancient of Lore | 3 | |
18 total
» build order
00:20 Moon Well
00:26 Moon Well
00:36 Altar of Elders
01:29 Ancient of War
01:58 Moon Well
02:48 Tree of Ages
04:03 Tree of Life
05:06 Moon Well
05:16 Hunter's Hall
05:22 Tree of Eternity
06:18 Moon Well
06:23 Ancient of Lore
06:26 Ancient of Lore
07:16 Moon Well
07:35 Ancient of Lore
08:54 Moon Well
09:59 Moon Well
18:27 Tree of Life
» items
| Scroll of Town Portal | 4 | |
| Scroll of Regeneration | 1 | |
| Lesser Clarity Potion | 2 | |
| Orb of Lightning | 1 | |
8 total
team 2 (winner)
Rohnaldino (
red | 90 APM | 3207 actions | 35:40)
5 Death Knight
3 Death Coil
2 Unholy Aura
6 Lich
3 Frost Nova
3 Dark Ritual
3 Crypt Lord
2 Impale
1 Spiked Carapace
» actions
| Assign group hotkey | 60 | |
| Basic commands | 46 | |
| Build / train | 82 | |
| Enter build submenu | 19 | |
| Enter hero's abilities submenu | 15 | |
| Give item / drop item | 2 | |
| Right click | 1711 | |
| Select / deselect | 301 | |
| Select group hotkey | 856 | |
| Use ability | 115 | |
3207 total
» units
| Acolyte | 9 | |
| Ghoul | 2 | |
| Crypt Fiend | 18 | |
| Frost Wyrm | 12 | |
41 total
» upgrades
» buildings
| Crypt | 1 | |
| Graveyard | 1 | |
| Ziggurat | 11 | |
| Altar of Darkness | 1 | |
| Tomb of Relics | 1 | |
| Halls of the Dead | 1 | |
| Black Citadel | 1 | |
| Necropolis | 1 | |
| Sacrificial Pit | 1 | |
| Boneyard | 1 | |
| Spirit Tower | 2 | |
22 total
» build order
00:07 Crypt
00:23 Graveyard
00:44 Ziggurat
01:00 Altar of Darkness
01:37 Ziggurat
01:51 Tomb of Relics
03:51 Halls of the Dead
05:00 Ziggurat
05:48 Ziggurat
07:11 Black Citadel
07:14 Ziggurat
08:49 Necropolis
09:52 Sacrificial Pit
09:58 Ziggurat
11:09 Boneyard
14:37 Spirit Tower
14:38 Ziggurat
15:26 Ziggurat
15:27 Ziggurat
18:55 Spirit Tower
21:45 Ziggurat
21:46 Ziggurat
» items
| Rod of Necromancy | 1 | |
| Scroll of Town Portal | 4 | |
| Orb of Corruption | 1 | |
| Scroll of Speed | 1 | |
| Scroll of Healing | 2 | |
| Potion of Healing | 2 | |
11 total
KIDADIDAS (
purple | 52 APM | 1885 actions | 36:14)
8 Blademaster
3 Wind Walk
3 Critical Strike
1 Bladestorm
1 Mirror Image
2 Crypt Lord
1 Impale
1 Carrion Beetles
1 Death Knight
1 Death Coil
» actions
| Assign group hotkey | 52 | |
| Basic commands | 48 | |
| Build / train | 76 | |
| Enter build submenu | 57 | |
| Enter hero's abilities submenu | 11 | |
| Give item / drop item | 5 | |
| Right click | 952 | |
| Select / deselect | 326 | |
| Select group hotkey | 182 | |
| Use ability | 176 | |
1885 total
» units
| Peon | 8 | |
| Grunt | 5 | |
| Goblin Shredder | 1 | |
| Goblin Sapper | 4 | |
| Troll Batrider | 4 | |
| Wind Rider | 4 | |
26 total
» upgrades
| Reinforced Defenses | 1 | |
| Liquid Fire | 1 | |
| Ranged Weapons | 3 | |
| Armor | 3 | |
| Troll Regeneration | 1 | |
| Freezing Breath | 1 | |
| Envenomed Spears | 1 | |
11 total
» buildings
| Orc Burrow | 4 | |
| Altar of Storms | 1 | |
| Barracks | 1 | |
| Voodoo Lounge | 2 | |
| War Mill | 2 | |
| Stronghold | 1 | |
| Watch Tower | 47 | |
| Great Hall | 2 | |
| Fortress | 1 | |
| Spirit Tower | 3 | |
| Beastiary | 4 | |
68 total
» build order
00:10 Orc Burrow
01:01 Orc Burrow
01:03 Altar of Storms
01:06 Barracks
01:48 Voodoo Lounge
02:42 War Mill
03:35 Stronghold
03:42 Orc Burrow
04:39 Orc Burrow
05:20 Watch Tower
05:21 Watch Tower
05:54 Watch Tower
06:39 Great Hall
07:13 Fortress
07:15 Watch Tower
07:16 Watch Tower
09:05 War Mill
09:52 Watch Tower
09:53 Watch Tower
09:53 Watch Tower
09:54 Watch Tower
10:51 Watch Tower
10:52 Watch Tower
10:54 Watch Tower
10:55 Watch Tower
10:58 Watch Tower
10:59 Watch Tower
11:00 Watch Tower
11:00 Watch Tower
11:03 Watch Tower
11:04 Watch Tower
12:06 Watch Tower
12:06 Watch Tower
12:08 Watch Tower
12:12 Watch Tower
12:13 Watch Tower
14:29 Watch Tower
14:31 Watch Tower
14:33 Watch Tower
14:36 Watch Tower
14:40 Watch Tower
14:42 Watch Tower
17:05 Spirit Tower
17:08 Spirit Tower
17:15 Spirit Tower
18:55 Beastiary
18:56 Beastiary
18:57 Beastiary
19:02 Beastiary
25:27 Great Hall
25:31 Watch Tower
25:31 Watch Tower
25:32 Watch Tower
25:33 Watch Tower
25:34 Watch Tower
25:42 Watch Tower
25:42 Watch Tower
25:43 Watch Tower
25:44 Watch Tower
25:50 Voodoo Lounge
28:19 Watch Tower
28:19 Watch Tower
28:21 Watch Tower
28:22 Watch Tower
28:23 Watch Tower
28:26 Watch Tower
» items
| Healing Salve | 6 | |
| Orb of Lightning | 1 | |
| Scroll of Town Portal | 4 | |
| Potion of Mana | 5 | |
| Lesser Clarity Potion | 3 | |
| Potion of Healing | 3 | |
22 total
undeadisnoobrac (
yellow | 104 APM | 1729 actions | 16:35)
3 Crypt Lord
2 Carrion Beetles
1 Impale
1 Death Knight
1 Unholy Aura
» actions
| Assign group hotkey | 61 | |
| Basic commands | 28 | |
| Build / train | 72 | |
| Enter build submenu | 35 | |
| Enter hero's abilities submenu | 4 | |
| Right click | 698 | |
| Select / deselect | 235 | |
| Select group hotkey | 480 | |
| Use ability | 116 | |
1729 total
» units
| Acolyte | 13 | |
| Crypt Fiend | 8 | |
| Ghoul | 2 | |
| Goblin Shredder | 2 | |
| Frost Wyrm | 1 | |
26 total
» upgrades
| Creature Attack | 3 | |
| Burrow | 1 | |
| Creature Carapace | 2 | |
| Web | 1 | |
7 total
» buildings
| Graveyard | 1 | |
| Altar of Darkness | 1 | |
| Ziggurat | 15 | |
| Crypt | 1 | |
| Tomb of Relics | 1 | |
| Halls of the Dead | 2 | |
| Necropolis | 2 | |
| Black Citadel | 3 | |
| Nerubian Tower | 6 | |
| Sacrificial Pit | 1 | |
| Spirit Tower | 10 | |
| Boneyard | 1 | |
44 total
» build order
00:18 Graveyard
00:22 Altar of Darkness
00:44 Ziggurat
01:05 Crypt
01:25 Tomb of Relics
01:45 Ziggurat
04:35 Halls of the Dead
06:09 Necropolis
06:31 Necropolis
07:23 Black Citadel
07:23 Black Citadel
07:54 Nerubian Tower
08:04 Sacrificial Pit
08:31 Ziggurat
08:33 Ziggurat
09:11 Ziggurat
09:23 Ziggurat
10:21 Spirit Tower
10:22 Spirit Tower
10:22 Spirit Tower
10:29 Spirit Tower
10:29 Spirit Tower
11:49 Ziggurat
11:58 Ziggurat
12:18 Ziggurat
12:42 Spirit Tower
12:43 Spirit Tower
12:43 Spirit Tower
12:51 Nerubian Tower
12:51 Nerubian Tower
12:52 Nerubian Tower
13:38 Boneyard
14:38 Ziggurat
15:31 Ziggurat
15:32 Ziggurat
15:34 Ziggurat
15:39 Ziggurat
15:41 Ziggurat
» items
| Rod of Necromancy | 4 | |
| Scroll of Town Portal | 1 | |
5 total
USMCGSGTHartman (
blue | 52 APM | 331 actions | 06:19)
1 Death Knight
1 Death Coil
» actions
| Basic commands | 1 | |
| Build / train | 16 | |
| Enter build submenu | 10 | |
| Enter hero's abilities submenu | 1 | |
| Right click | 243 | |
| Select / deselect | 46 | |
| Use ability | 14 | |
331 total
» units
» buildings
| Crypt | 2 | |
| Ziggurat | 4 | |
| Altar of Darkness | 1 | |
| Graveyard | 1 | |
| Tomb of Relics | 1 | |
| Nerubian Tower | 2 | |
| Spirit Tower | 2 | |
| Halls of the Dead | 1 | |
| Necropolis | 1 | |
15 total
» build order
00:13 Crypt
00:27 Ziggurat
00:58 Crypt
01:11 Altar of Darkness
01:59 Graveyard
02:14 Tomb of Relics
02:22 Ziggurat
02:28 Ziggurat
02:43 Ziggurat
02:57 Nerubian Tower
03:50 Spirit Tower
04:13 Nerubian Tower
05:08 Spirit Tower
05:49 Halls of the Dead
06:14 Necropolis
» items
Chat log
(00:31 / All) Rohnaldino: we win!
(00:38 / All) KIDADIDAS: I STUCK WITH A GANG OF SHAMBLING CORPSES
(00:40 / All) Nitt: Fuck ok gg guys
(00:53 / All) KIDADIDAS: WELL, GATHER YOURSELVES UP YOU BAGS OF BONES AND SALLY FORTH
(00:57 / All) undeadisnoobrac: Jake is a bot bitch
(01:16 / All) Rohnaldino: ID RATHER HAVE A BOT
(01:17 / All) undeadisnoobrac: me do the raping every time
(01:21 / All) Rohnaldino: THAN YOU
(02:01 / All) KIDADIDAS: I like to pound the va jay jay of teal's mom
(02:05 / All) FROG-SNATCHER: would you guys say dragonball z is the best cartoon of all time
(02:15 / All) KIDADIDAS: nope
(02:16 / All) Rohnaldino: OK
(02:17 / All) KIDADIDAS: ren and stimpy
(02:23 / All) Rohnaldino: WE ALL POUND TEALS MOM
(02:27 / All) Rohnaldino: FUCK YOUR ANIME SHIT
(02:44 / All) Rohnaldino: POUND TOWN NIGGA
(02:56 / All) KIDADIDAS: WOOOF
(04:37 / All) FROG-SNATCHER: hack?
(06:14 / Allies) undeadisnoobrac: I crept that blue
(06:16 / Allies) undeadisnoobrac: fuck off
(06:19 / Allies) undeadisnoobrac: WTF
(06:20 / Allies) undeadisnoobrac: I crept that
(06:22 / Allies) undeadisnoobrac: WTF
(06:24 / Allies) undeadisnoobrac: what the fuck
(06:25 / Allies) KIDADIDAS: lol
(06:28 / Allies) undeadisnoobrac: ae u kidding lol
(06:34 / Allies) undeadisnoobrac: I crept that and he sent an aco
(06:36 / Allies) Rohnaldino: WHY YOU DO THAT
(06:38 / Allies) undeadisnoobrac: and I called him out on it
(06:39 / Allies) Rohnaldino: WHO CARES
(06:40 / Allies) undeadisnoobrac: and he fucking left
(06:41 / Allies) Rohnaldino: DONT ATTACK HIM
(06:42 / Allies) KIDADIDAS: he tried to ineptly
(06:42 / Allies) undeadisnoobrac: dude I said nothing lol
(06:45 / Allies) KIDADIDAS: take top island
(06:46 / Allies) KIDADIDAS: earlier
(06:47 / All) FROG-SNATCHER: y he leave
(06:52 / Allies) undeadisnoobrac: LOL all I did was kill 1 acolyte dude he took what I crept
(06:54 / All) Rohnaldino: PURPLE ATTACKED HIM
(06:54 / Allies) KIDADIDAS: before it was night
(06:59 / All) Nitt: lol
(07:04 / Allies) KIDADIDAS: he tried to clear tree with ghoo
(07:06 / Allies) KIDADIDAS: during day
(07:09 / All) Nitt: thats not a good team strategyt
(07:22 / All) Nitt: or is it the new meta?\
(07:30 / Allies) Rohnaldino: mine!
(07:43 / Allies) KIDADIDAS: nice
(07:59 / Allies) Rohnaldino: figh tyellow
(08:16 / Allies) KIDADIDAS: let's just leave?
(08:27 / Allies) undeadisnoobrac: want to
(08:36 / Allies) KIDADIDAS: red unsummoned blue
(09:04 / Allies) Rohnaldino: fight
(09:05 / Allies) Rohnaldino: comeo on
(09:07 / Allies) Rohnaldino: dont quit
(09:18 / Allies) undeadisnoobrac: ow
(09:19 / Allies) undeadisnoobrac: omw
(09:26 / Allies) Rohnaldino: im 90% player
(09:26 / Allies) Rohnaldino: come on
(09:28 / Allies) Rohnaldino: play
(12:55 / Allies) Rohnaldino: ok guys
(12:56 / Allies) Rohnaldino: we fucked
(13:01 / Allies) Rohnaldino: yellow has no expo
(13:05 / Allies) KIDADIDAS: teal said he's gonna tk
(13:06 / Allies) Rohnaldino: teal green do
(13:13 / Allies) Rohnaldino: kkkk
(13:17 / Allies) KIDADIDAS: he whisper me
(14:47 / Allies) Rohnaldino: tp now
(14:52 / Allies) Rohnaldino: TP NOW
(14:53 / Allies) KIDADIDAS: b
(14:53 / Allies) Rohnaldino: last chance
(14:57 / Allies) KIDADIDAS: I'll pool you gold
(14:59 / Allies) undeadisnoobrac: I tp if you tp
(15:00 / Allies) KIDADIDAS: out red
(15:02 / Allies) KIDADIDAS: I'll send gold
(15:13 / Allies) undeadisnoobrac: gold me
(15:17 / Allies) Rohnaldino: teal aint tking
(15:24 / Allies) KIDADIDAS: that's our only chance
(15:40 / Allies) Rohnaldino: thjat was it
(15:43 / Allies) Rohnaldino: we had to tp there
(15:47 / Allies) Rohnaldino: teal aint tking
(15:49 / Allies) KIDADIDAS: he said he's pumping units
(15:52 / Allies) Rohnaldino: he has two expos
(16:35 / All) Rohnaldino: fucking bs
(16:43 / Allies) KIDADIDAS: give it 5 mins
(16:48 / Allies) KIDADIDAS: see if teal sticks to his word
(17:06 / Allies) Rohnaldino: dont even want to hit his expo
(17:44 / All) genova: GG
(18:11 / Allies) Rohnaldino: LOL
(18:12 / Allies) KIDADIDAS: lawl
(18:13 / Allies) Rohnaldino: teal is tking
(18:14 / Allies) KIDADIDAS: I tried to tp
(18:17 / Allies) KIDADIDAS: too slow
(18:22 / Allies) KIDADIDAS: once I realized they had reveal
(18:36 / Allies) Rohnaldino: teal is tking
(19:33 / Allies) Rohnaldino: tp bro
(20:57 / Allies) KIDADIDAS: I got bstorm
(23:35 / All) genova: Gj red
(23:39 / All) genova: u played good
(24:15 / All) helpme2: gg
(24:25 / All) helpme2: 2 faggots ovewr here tk
(24:33 / All) Nitt: lol nly lose because teal attacked me
(24:40 / All) FROG-SNATCHER: oj took my expo
(24:42 / All) FROG-SNATCHER: he needed to die
(24:46 / All) Rohnaldino: LOL
(24:48 / All) Rohnaldino: teal i love you
(24:54 / All) Nitt: your actually retarded check the replay
(25:05 / All) FROG-SNATCHER: is it ok if i att ur base red? as a token of love?
(25:29 / All) Nitt: i expand to my natural expoi.. and u guys kill it then i immediatly expand again and the noob says i "stole his expo"
(26:36 / All) Rohnaldino: teal if you want win
(26:38 / All) Rohnaldino: ill leave
(26:41 / All) Rohnaldino: thank you brotha
(26:45 / All) Rohnaldino: you know we got fucked
(27:09 / All) FROG-SNATCHER: ok i want the win
(27:28 / Allies) Rohnaldino: shold we give it?
(27:35 / Allies) KIDADIDAS: yeh
(27:46 / All) KIDADIDAS: lol @ orange
(27:48 / All) KIDADIDAS: nice tp queer
(27:49 / All) FROG-SNATCHER: red i want the win
(27:54 / All) FROG-SNATCHER: i want the win red
(28:04 / All) Rohnaldino: K
(28:16 / All) Nitt: now he begs for the win after throwing it away what a loser
(28:18 / All) FROG-SNATCHER: u said, friend
(29:22 / Allies) Rohnaldino: purp teal is attacking you
(29:40 / All) FROG-SNATCHER: nigger
(29:44 / All) FROG-SNATCHER: another nigger liar
(29:45 / All) FROG-SNATCHER: in red
(29:57 / All) KIDADIDAS: he is brazew
(29:59 / All) KIDADIDAS: forgive him
(29:59 / All) Nitt: lol your the one complaing about betrayal? hahahah dumb fuck
(30:06 / All) FROG-SNATCHER: ur gonna lose red
(30:35 / Allies) Rohnaldino: we need pults
(30:50 / Allies) KIDADIDAS: We need the love of God and Jesus the Redeemer
(31:24 / All) FROG-SNATCHER: faggot liar red
(31:26 / All) FROG-SNATCHER: cunt nigger
(31:35 / Allies) Rohnaldino: lol purp
(31:36 / Allies) Rohnaldino: if you want to lose
(31:38 / Allies) Rohnaldino: just tell me
(31:54 / Allies) KIDADIDAS: yes time to lose!
(32:04 / All) Rohnaldino: here you go
(32:15 / All) FROG-SNATCHER: just stop
(32:23 / All) FROG-SNATCHER: nigger classless liar
(32:40 / All) FROG-SNATCHER: ur only doing that cuz ur throwing a hissy fit
(32:45 / All) Rohnaldino: ?
(33:08 / All) Rohnaldino: even tho you tked a bit
(33:12 / All) Rohnaldino: i still played hard for win
(33:19 / All) FROG-SNATCHER: and you lied to me
(33:21 / All) Rohnaldino: i defeated 3 armies with 2
(33:23 / All) FROG-SNATCHER: saying u would give the win
(33:26 / All) Rohnaldino: but i gave you my word
(33:30 / All) Rohnaldino: i said i would
(33:32 / All) FROG-SNATCHER: NOW UR LEAVING
(33:33 / All) Rohnaldino: but i asked purple
(33:34 / All) FROG-SNATCHER: fool
(33:35 / All) FROG-SNATCHER: when u got tked
(33:50 / All) Rohnaldino: purple said he wanted to
(33:53 / All) Rohnaldino: so i agreed
(34:00 / All) FROG-SNATCHER: leave spic
(34:05 / All) Rohnaldino: but i didnt want to unless he did
(34:06 / All) Rohnaldino: im america
(34:10 / All) Rohnaldino: american
(34:22 / All) Rohnaldino: just a fan of the best futbal player
(34:27 / All) FROG-SNATCHER: u said u would give me the win yet u tried to attack me 5+ times
(34:35 / All) KIDADIDAS: then why aren't you named messi
(34:44 / All) KIDADIDAS: or ronaldo
(34:57 / All) Rohnaldino: they are barcelona too
(35:11 / All) Rohnaldino: i even said to purple long ago
(35:16 / All) Rohnaldino: i dont even want to attack teal
(35:21 / All) FROG-SNATCHER: YET YOU DID
(35:22 / All) Rohnaldino: bc he said he might help
(35:31 / All) FROG-SNATCHER: red just leave man, im done with u
(35:35 / All) Rohnaldino: ok
(35:40 / All) Rohnaldino: its wahtever
(35:44 / All) KIDADIDAS: lawl
(35:54 / All) KIDADIDAS: Rod did nothing wrong this game
(35:56 / All) KIDADIDAS: other than drop
(35:57 / All) FROG-SNATCHER: who lose
(36:05 / All) KIDADIDAS: I say your team maybe